 Dungeon Crawl Stone Soup version 0.29-a0-923-g6e406bff71 (webtiles) character file.

Game seed: 17529344382201953083

2497 Gargoyl the Chopper (level 9, -8/55 HPs)
             Began as a Gargoyle Berserker on July 28, 2022.
             Was a Priest of Trog.
             Mangled by a gnoll sergeant
             ... wielding a +0 glaive
              (11 damage)
             ... in a bailey.
             The game lasted 00:09:59 (7345 turns).

Gargoyl the Chopper (Gargoyle Berserker)            Turns: 7345, Time: 00:10:00

Health: -8/55      AC: 20    Str: 21    XL:     9   Next: 52%
Magic:  9/9        EV:  8    Int:  8    God:    Trog [***...]
Gold:   358        SH:  0    Dex: 13    Spells: 8/8 levels left

rFire   . . .      SeeInvis .   c - +2 hand axe (freeze)
rCold   . . .      Faith    .   (no shield)
rNeg    + . .      Spirit   .   v - +0 plate armour
rPois   ∞          Reflect  .   f - +0 helmet
rElec   +          Harm     .   (no cloak)
rCorr   .          Rampage  .   (no gloves)
Will    ++...                   (no boots)
Stlth   ..........              (no amulet)
HPRegen 1.18/turn               (no ring)
MPRegen 0.11/turn               (no ring)

@: weakened, strong-willed, on berserk cooldown, regenerating, slowed, very slow
A: sickness immunity, AC +6, negative energy resistance 1, electricity
resistance, torment resistance 1, petrification resistance
a: Renounce Religion, Berserk, Trog's Hand


You were in a bailey.
You worshipped Trog.
Trog was most pleased with you.
You visited 1 branch of the dungeon, and saw 7 of its levels.
You also visited: Ossuary and Bailey.

You collected 358 gold pieces.

Inventory:

Hand Weapons
 c - a +2 hand axe of freezing (weapon)
 m - a +4 dire flail
 o - a +4 hand axe
 u - a +0 hand axe of flaming
Missiles
 r - 4 javelins (quivered)
 t - 3 throwing nets
Armour
 f - a +0 helmet (worn)
 v - a +0 plate armour (worn)
Wands
 s - a wand of light (8)
Scrolls
 b - a scroll of magic mapping
 h - 2 scrolls of summoning
 k - a scroll of teleportation
Potions
 a - 2 potions of curing
 d - a potion of mutation {unknown}
 g - a potion of might
 i - a potion of berserk rage
 j - 2 potions of invisibility
 l - a potion of magic
 n - a potion of flight
 p - a potion of heal wounds
 q - a potion of attraction {unknown}


   Skills:
 + Level 6.2 Fighting
 + Level 2.9 Short Blades
 + Level 7.4 Axes
 + Level 7.1 Armour
 + Level 4.2 Dodging
 + Level 2.1 Stealth


You had 8 spell levels left.
You didn't know any spells.
Your spell library was empty.

Dungeon Overview and Level Annotations

Branches:
Dungeon (7/15)             Temple (0/1) D:4         Ossuary (visited)
 Bailey (1/1)

Altars:
Gozag
Kikubaaqudgha
Makhleb
Nemelex Xobeh
Xom

Shops:
D:1 =   D:3 (


Innate Abilities, Weirdness & Mutations

You are immune to sickness and miasma.
Your stone body is resilient. (AC +6)
You are immune to poison.
You resist negative energy. (rN+)
You are resistant to electric shocks. (rElec)
You are resistant to unholy torment.
You are immune to petrification.


Message History

You feel as though you will be weak longer.
The gnoll bouda hits you but does no damage.
The wolf bites you but does no damage.
You hit the gnoll sergeant. You freeze the gnoll sergeant.
The gnoll sergeant is heavily wounded.
You hit the wolf but do no damage. You hit the gnoll bouda.
You freeze the gnoll bouda. The wolf barely misses you.
The gnoll sergeant hits you with a +0 glaive.
The gnoll bouda gazes fiercely through you!
You feel as though you will be weak longer.
The gnoll bouda hits you with a +0 trident.
The wolf bites you but does no damage.
The gnoll sergeant hits you with a +0 glaive.
The gnoll bouda gazes fiercely through you!
You feel as though you will be weak longer.
The gnoll bouda hits you but does no damage.
The wolf bites you.
As you read the scroll of summoning, it crumbles to dust.
Wisps of shadow whirl around you...
The gnoll sergeant is no longer moving quickly.
The wolf bites you but does no damage.
The gnoll sergeant hits you with a +0 glaive!
* * * LOW HITPOINT WARNING * * *
The wolf bites you but does no damage.
The gnoll bouda barks out a call to the hunt!
The gnoll sergeant picks up the pace!
Unknown command.
The gnoll bouda attacks as you move away!
The gnoll bouda closely misses you. The wolf barely misses you.
The gnoll sergeant hits you from afar with a +0 glaive!
* * * LOW HITPOINT WARNING * * *
The wolf completely misses you.
The gnoll bouda calls upon its god to heal the gnoll sergeant.
The gnoll sergeant is healed somewhat.
Your orc warrior hits the wolf with a +0 mace!
The wolf dies!
Trog accepts your kill.
Your orc hits the gnoll sergeant with a +0 mace.
The gnoll sergeant hits you from afar with a +0 glaive!
You die...

♣♣≈≈.. ############# ♣.≈..#
#.8.o.#...8.## ≈♣ ♣♣.≈..#
#.oo)†#......## ≈♣ ♣♣..≈..#
#.og)@'..).)).# .≈♣ ♣...≈..#
#..g#####.....# .≈♣ ♣...≈..#
+..##...##....#..≈♣
♣♣...≈..######.....###'##..≈♣
♣♣....)..'...#.......#......≈♣
..∩......'...'..[8...'.)....≈♣
♣♣.......'...#.......#......≈♣
♣♣...≈..######.....###+##..≈♣
♣♣..≈..# ##...## ..≈♣


You could see a gnoll sergeant (swift, ally target), a gnoll bouda, a friendly
orc warrior (summoned) and 3 friendly orcs.

Vanquished Creatures
  An ice beast (D:5)
  A black bear (D:4)
  The ghost of 2tc the Chopper, an amateur HOAK of Lugonu (D:3)
  3 wolves (Bailey)
  A centaur (D:5)
  2 phantoms
  Blork the orc (D:6)
  4 gnoll sergeants (Bailey)
  3 necrophages
  A wyvern zombie (Ossuary)
  A water moccasin zombie (Ossuary)
  3 wights (D:7)
  A bullfrog zombie (Ossuary)
  A centaur zombie (Ossuary)
  2 orc priests (D:6)
  3 jellies
  2 gnoll boudas (Bailey)
  3 hounds
  6 iguanas
  5 mummies (Ossuary)
  Natasha (twice) (D:2)
  3 orc wizards
  A howler monkey zombie (Ossuary)
  3 gnolls (Bailey)
  11 adders
  A shadow imp (D:6)
  A white imp (D:5)
  3 dart slugs
  30 orcs
  8 endoplasms
  4 giant cockroaches
  5 goblins
  9 hobgoblins
  6 kobolds
  A quokka (D:5)
  8 ball pythons
  9 bats
  3 frilled lizards
  8 rats
161 creatures vanquished.

Vanquished Creatures (collateral kills)
  A wolf (Bailey)
1 creature vanquished.

Vanquished Creatures (others)
  3 withered plants (Ossuary)
3 creatures vanquished.

Grand Total: 165 creatures vanquished

Notes
Turn   | Place    | Note
-------+----------+-------------------------------------------
     0 | D:1      | Gargoyl the Gargoyle Berserker began the quest for the Orb.
     0 | D:1      | Reached XP level 1. HP: 14/14 MP: 1/1
   206 | D:1      | Reached XP level 2. HP: 12/19 MP: 2/2
   456 | D:1      | Found Vionnus's One-of-a-Kind Rings.
   628 | D:1      | Found a faded altar of an unknown god.
   935 | D:1      | Reached XP level 3. HP: 23/23 MP: 3/3
  1059 | D:2      | Noticed Natasha
  1070 | D:2      | Killed Natasha
  1070 | D:2      | Reached ** piety under Trog
  1523 | D:2      | Reached XP level 4. HP: 29/29 MP: 4/4
  1616 | D:2      | Reached skill level 1 in Short Blades
  1803 | D:2      | Noticed Natasha
  1813 | D:2      | Killed Natasha
  1814 | D:2      | Reached XP level 5. HP: 23/33 MP: 5/5
  2213 | D:3      | Found a runed translucent door.
  2215 | D:3      | Noticed 2tc's ghost (amateur HOAK)
  2546 | D:3      | Found Peon's Weapon Emporium.
  2884 | D:3      | Reached skill level 1 in Stealth
  2902 | D:3      | Killed 2tc's ghost
  2903 | D:3      | Reached XP level 6. HP: 39/39 MP: 6/6
  3059 | D:4      | Noticed a black bear
  3067 | D:4      | Killed a black bear
  3171 | D:4      | Reached XP level 7. HP: 25/44 MP: 7/7
  3444 | D:4      | Found a staircase to the Ecumenical Temple.
  3800 | D:4      | Found a sparkling altar of Nemelex Xobeh.
  3872 | D:5      | Entered Level 5 of the Dungeon
  3878 | D:5      | Found an opulent altar of Gozag.
  3945 | D:5      | Found a sand-covered staircase.
  3955 | Ossuary  | Entered an ossuary
  3964 | Ossuary  | Reached *** piety under Trog
  4054 | Ossuary  | Reached skill level 5 in Armour
  4058 | Ossuary  | Reached XP level 8. HP: 48/48 MP: 8/8
  4098 | D:5      | Reached skill level 5 in Fighting
  4098 | D:5      | Reached skill level 5 in Axes
  4250 | D:5      | Found an ancient bone altar of Kikubaaqudgha.
  4399 | D:5      | Found a burning altar of Makhleb.
  5035 | D:6      | Found a shimmering altar of Xom.
  5035 | D:6      | Found a shimmering altar of Xom.
  5037 | D:6      | Found a shimmering altar of Xom.
  5038 | D:6      | Found a shimmering altar of Xom.
  5038 | D:6      | Found a shimmering altar of Xom.
  5363 | D:6      | Noticed Blork the orc
  5376 | D:6      | Killed Blork the orc
  5880 | D:6      | Reached XP level 9. HP: 48/55 MP: 9/9
  6752 | D:7      | Found a flagged portal.
  6765 | Bailey   | Entered a bailey
  7345 | Bailey   | Mangled by a gnoll sergeant

Illustrated notes

Levels and vault maps discovered:
D:1:      dpeg_arrival_three_same_balls, layout_basic,
          ebering_ecumenical_altar_abandoned, minmay_misc_feat_room,
          nicolae_shop_unique_rings
D:2:      layout_basic, uniq_natasha
D:3:      layout_loops_ring, ebering_ghost_sewer_d, serial_shops,
          nicolae_diamond_shop
D:4:      layout_basic, nemelex_dance_club_becter, minmay_temple_entry_glass,
          minmay_misc_feat_secret_circle
D:5:      layout_rooms, mainiacjoe_overflow_tiny_flanked, grunt_gozag_statues,
          overflow_temple_1_default, nicolae_ossuary_entry_ruins
D:6:      layout_basic, xom_redecorated, serial_glass, glass_columns_a,
          glass_columns_b, uniq_blork_the_orc
D:7:      layout_basic, enter_bailey_2, amethyst_killhole, sword_in_stone
Bailey:   bailey_polearm_gnolls_kennysheep, bailey

Skill      XL: |  1  2  3  4  5  6  7  8  9 |
---------------+----------------------------+-----
Axes           | 3 4 6 7 |  7.4
Dodging        | 2 3 4 |  4.2
Fighting       | 4 5 6 |  6.2
Short Blades   | 1 2 |  2.9
Stealth        | 1 2 |  2.1
Armour         | 3 4 5 6 7 |  7.1

Action                   |  1- 3 |  4- 6 |  7- 9 || total
-------------------------+-------+-------+-------++-------
Melee: Dagger            |    80 |   125 |       ||   205
       Hand axe          |     3 |    30 |   401 ||   434
       Punch             |       |       |     4 ||     4
Invok: Berserk           |     2 |     1 |     5 ||     8
       Trog's Hand       |       |     2 |    12 ||    14
  Use: Scroll            |     6 |     6 |    10 ||    22
       Potion            |       |       |     1 ||     1
Armor: Animal skin       |    20 |       |       ||    20
       Scale mail        |     7 |    90 |   186 ||   283
       Plate armour      |       |       |    68 ||    68
Dodge: Dodged            |    48 |    98 |   277 ||   423

Table legend: (Time is in decaauts)
 A = Elapsed time spent in this place.
 B = Non-inter-level travel time spent in this place.
 C = Inter-level travel time spent in this place.
 D = Time resting spent in this place.
 E = Time spent auto-exploring this place.
 F = Levels seen in this place.
 G = Mean time per level.
                   A        B        C        D        E       F      G
               +--------+--------+--------+--------+--------+-----+--------+
         Total |   7422 |   7115 |    307 |    518 |   5073 |   9 |  824.7 |
       Dungeon |   6698 |   6391 |    307 |    104 |   5035 |   7 |  956.9 |
       Ossuary |    145 |    145 |      0 |     33 |      1 |   1 |  145.0 |
        Bailey |    578 |    578 |      0 |    380 |     37 |   1 |  578.0 |
               +--------+--------+--------+--------+--------+-----+--------+

Top non-repeatable levels by time:
     D:6: 1574 daAuts
     D:1: 1117 daAuts
     D:2: 935 daAuts
     D:4: 934 daAuts
     D:3: 925 daAuts
     D:5: 753 daAuts
  Bailey: 578 daAuts
     D:7: 457 daAuts
 Ossuary: 145 daAuts
